 Dungeon Sprint DCSS version 0.30.1-11-g7821555f0a (webtiles) character file.

Game seed: 1884374867148013135

3492 Groucho the Unseen (level 9, -4/48 HPs)
             Began as a Felid Fighter on Jan 4, 2024.
             Was a High Priest of Uskayaw.
             Slain by a six-headed hydra (12 damage)
             ... in the Dungeon (Sprint IX: "|||||||||||||||||||||||||||||").
             The game lasted 00:03:18 (1141 turns).

Groucho the Unseen (Felid Fighter)                  Turns: 1141, Time: 00:03:19

Health: -4/48      AC:  6    Str: 16    XL:     9   Next: 80%
Magic:  8/18       EV: 27    Int:  9    God:    Uskayaw [*****.]
Gold:   0          SH:  0    Dex: 16    Spells: 8/8 levels left
                                        Lives:  0   Deaths: 2

rFire   . .          .
                       - Unarmed
rCold   . . .        (shield unavailable)
rNeg    . . .        (body armour unavailable)
rPois   .            (helmet unavailable)
rElec   .            (cloak unavailable)
rCorr   .            (gloves unavailable)
SInv    +            (boots unavailable)
Will    +....        (no amulet)
Stlth   ++++++       j - +2 ring of protection
HPRegen 0.28/turn    k - +2 ring of protection
MPRegen 0.16/turn

%: no teleportation
@: quick
A: very small, claws 1, fangs 3, see invisible, speed 1, shaggy fur 2, stealthy
paws, no weapons or thrown items, no armour, multi-lived
a: Renounce Religion, Stomp, Line Pass, Grand Finale


You were in the Dungeon.
You worshipped Uskayaw.
Uskayaw was aware of your devotion.
You visited 1 branch

Inventory:

Jewellery
 j - a +2 ring of protection (left paw)
 k - a +2 ring of protection (right paw)
Wands
 i - a wand of quicksilver (10)
Scrolls
 f - 2 scrolls of fear
 g - 3 scrolls of blinking
 h - 2 scrolls of amnesia
 l - a scroll of identify
Potions
 a - a potion of berserk rage
 b - 5 potions of curing
 c - 3 potions of heal wounds
 d - a potion of haste
 e - 3 potions of magic


   Skills:
 + Level 11.5 Fighting
 + Level 14.7 Dodging
 + Level 15.4 Stealth
 + Level 11.8 Unarmed Combat
 + Level 11.1 Invocations


You had 8 spell levels left.
You didn't know any spells.
Your spell library was empty.

Dungeon Overview and Level Annotations

Branches:
Dungeon (1/1)

Altars:
Cheibriados
Dithmenos
Elyvilon
Fedhas
Gozag
Hepliaklqana
Kikubaaqudgha
Makhleb
Nemelex Xobeh
Okawaru
Qazlal
Ru
Sif Muna
Trog
Uskayaw
Vehumet
Wu Jian
Xom
Yredelemnul
Zin
The Shining One
Jiyva
Lugonu

Annotations:
D exclusion: oklob plant


Innate Abilities, Weirdness & Mutations

You have sharp claws.
You have razor-sharp teeth.
You have supernaturally acute eyesight. (SInv)
You cover ground quickly. (Speed+)
You are covered in thick fur. (AC +2)
Your paws help you pounce on unaware monsters.
You are incapable of wielding weapons or throwing items.
You cannot wear armour.
You gain extra lives every three experience levels.


Message History

You scratch the cane toad.
You kill the dream sheep!
You kill the cane toad!
Your Invocations skill increases to level 11!
Unknown command.
The six-headed hydra completely misses you.
The six-headed hydra barely misses you. The six-headed hydra misses you. x2
The six-headed hydra bites you but does no damage.
The six-headed hydra misses you.
You see here a water moccasin corpse.
You barely miss the six-headed hydra.
The six-headed hydra is moderately wounded.
The cane toad is no longer sharing its pain.
The six-headed hydra completely misses you.
The six-headed hydra bites you.
The six-headed hydra completely misses you.
The six-headed hydra bites you!
* * * LOW HITPOINT WARNING * * *
The six-headed hydra misses you. x2
Unknown command.
Aiming: Line Pass
Press: ? - help, Dir - move target The six-headed hydra appears confused.
The water moccasin appears confused.
The oklob plant appears confused.
The cane toad appears confused.
The elephant appears confused.
The oklob plant is no longer sharing its pain.
The cane toad stings the elephant but does no damage.
The water moccasin bites you.
* * * LOW HITPOINT WARNING * * *
The cane toad stings the oklob plant!
Uskayaw prepares the audience for your solo!
Unknown command.
Unknown command.
You pounce on the unaware helpless water moccasin!
You eviscerate the water moccasin!!!!
You kill the water moccasin!
Unknown command.
Unknown command.
The six-headed hydra is no longer paralysed.
The six-headed hydra bites you!
You die...

▓°▓.▓†▓
▓_▓.▓.▓
▓_▓.▓.▓
▓_▓.▓.▓
▓_▓.▓'▓
▓_▓.▓†▓
▓_▓.▓†▓
▓_▓.▓D▓
▓_▓.▓@▓
▓_▓.▓.▓
▓B▓.▓.▓
▓_▓.▓P▓
▓_▓.▓F▓
▓_▓.▓Y▓
▓'▓.▓+▓
▓.▓.▓
▓.▓


You could see a six-headed hydra (confused, pain bonded), an elephant
(paralysed, confused), an oklob plant (paralysed, confused) and a cane toad
(paralysed, confused).

Vanquished Creatures
  A boulder beetle (D)
  A cyclops (D)
  A black mamba (D)
  A gargoyle (D)
  3 cane toads (D)
  A polar bear (D)
  A troll (D)
  A hornet (D)
  A dream sheep (D)
  2 blink frogs (D)
  A wyvern (D)
  3 yaks (D)
  2 water moccasins (D)
  An orc warrior (D)
  A centaur (D)
  A kobold brigand (D)
  A bullfrog (D)
  A scorpion (D)
  A howler monkey (D)
  An orc priest (D)
  A gnoll (D)
  An adder (D)
  2 orcs (D)
  An endoplasm (D)
  A hobgoblin (D)
  A kobold (D)
  A quokka (D)
  A ball python (D)
35 creatures vanquished.

Notes
Turn   | Place    | Note
-------+----------+-------------------------------------------
     0 | D        | Groucho the Felid Fighter began the quest for the Orb.
     0 | D        | Reached XP level 1. HP: 10/10 MP: 2/2
     6 | D        | Reached skill level 1 in Stealth
    10 | D        | Reached skill level 1 in Invocations
    14 | D        | Reached skill level 2 in Stealth
   320 | D        | Noticed a scorpion
   322 | D        | Reached XP level 2. HP: 14/14 MP: 2/4
   327 | D        | Reached skill level 5 in Dodging
   327 | D        | Reached skill level 3 in Stealth
   331 | D        | Killed a scorpion
   332 | D        | Reached skill level 4 in Stealth
   332 | D        | Reached skill level 5 in Unarmed Combat
   332 | D        | Reached XP level 3. HP: 18/18 MP: 2/6
   332 | D        | Reached XP level 4. HP: 22/22 MP: 2/7
   336 | D        | Reached skill level 5 in Stealth
   468 | D        | Found a snail-covered altar of Cheibriados.
   468 | D        | Found a shadowy altar of Dithmenos.
   468 | D        | Found a white marble altar of Elyvilon.
   468 | D        | Found a blossoming altar of Fedhas.
   468 | D        | Found an opulent altar of Gozag.
   469 | D        | Found a hazy altar of Hepliaklqana.
   470 | D        | Found a viscous altar of Jiyva.
   471 | D        | Found an ancient bone altar of Kikubaaqudgha.
   472 | D        | Found a corrupted altar of Lugonu.
   473 | D        | Found a burning altar of Makhleb.
   474 | D        | Found a sparkling altar of Nemelex Xobeh.
   475 | D        | Found an iron altar of Okawaru.
   476 | D        | Found a stormy altar of Qazlal.
   477 | D        | Found a sacrificial altar of Ru.
   478 | D        | Found a shimmering blue altar of Sif Muna.
   479 | D        | Found a bloodstained altar of Trog.
   480 | D        | Found a hide-covered altar of Uskayaw.
   481 | D        | Found a radiant altar of Vehumet.
   482 | D        | Found an ornate altar of the Wu Jian Council.
   483 | D        | Found a shimmering altar of Xom.
   484 | D        | Found a basalt altar of Yredelemnul.
   485 | D        | Found a glowing silver altar of Zin.
   486 | D        | Found a glowing golden altar of the Shining One.
   488 | D        | Became a worshipper of Uskayaw the Reveller
   515 | D        | Noticed a centaur
   515 | D        | Noticed a yak
   515 | D        | Noticed a kobold brigand
   515 | D        | Noticed an orc warrior
   515 | D        | Noticed a hornet
   517 | D        | Reached * piety under Uskayaw
   518 | D        | Reached skill level 5 in Fighting
   519 | D        | Killed a centaur
   519 | D        | Reached ** piety under Uskayaw
   520 | D        | Reached skill level 7 in Stealth
   520 | D        | Reached XP level 5. HP: 27/27 MP: 7/9
   521 | D        | Reached *** piety under Uskayaw
   522 | D        | Killed a yak
   523 | D        | Reached skill level 8 in Stealth
   523 | D        | Reached skill level 5 in Invocations
   523 | D        | Gained mutation: You are covered in thick fur. (AC +2)
                  | [Felid growth]
   523 | D        | Reached XP level 6. HP: 31/31 MP: 7/11
   524 | D        | Reached **** piety under Uskayaw
   525 | D        | Reached skill level 9 in Stealth
   528 | D        | Reached ***** piety under Uskayaw
   533 | D        | Killed an orc warrior
   534 | D        | Reached XP level 7. HP: 33/36 MP: 8/12
   542 | D        | Paralysed by a hornet for 2 turns
   546 | D        | Killed a hornet
   546 | D        | Reached ****** piety under Uskayaw
   547 | D        | Reached skill level 10 in Dodging
   547 | D        | Reached skill level 10 in Stealth
   548 | D        | Noticed a boulder beetle
   548 | D        | Noticed a gargoyle
   548 | D        | Noticed a cyclops
   548 | D        | Noticed a troll
   548 | D        | Noticed a boulder beetle
   559 | D        | Killed a gargoyle
   560 | D        | Reached skill level 11 in Stealth
   560 | D        | Reached XP level 8. HP: 19/41 MP: 10/14
   560 | D        | Slain by a boulder beetle
   561 | D        | Reached XP level 7. HP: -5/37 MP: 10/13
   578 | D        | Killed a boulder beetle
   579 | D        | Reached skill level 12 in Stealth
   579 | D        | Reached XP level 8. HP: 42/42 MP: 9/15
   580 | D        | Killed a cyclops
   581 | D        | Reached skill level 10 in Unarmed Combat
   588 | D        | Killed a troll
   589 | D        | Reached skill level 10 in Fighting
   589 | D        | Reached skill level 13 in Stealth
  1031 | D        | Slain by a boulder beetle
  1032 | D        | Reached XP level 7. HP: -3/39 MP: 14/15
  1099 | D        | Noticed a wyvern
  1099 | D        | Noticed a cane toad
  1099 | D        | Noticed a blink frog
  1099 | D        | Noticed a yak
  1099 | D        | Noticed a yak
  1103 | D        | Noticed a black mamba
  1107 | D        | Killed a wyvern
  1108 | D        | Reached XP level 8. HP: 24/43 MP: 16/16
  1110 | D        | Killed a cane toad
  1115 | D        | Noticed a cane toad
  1117 | D        | Noticed a blink frog
  1118 | D        | Reached skill level 14 in Stealth
  1118 | D        | Reached skill level 10 in Invocations
  1118 | D        | Killed a cane toad
  1118 | D        | Killed a blink frog
  1119 | D        | Reached XP level 9. HP: 24/47 MP: 13/17
  1123 | D        | Killed a black mamba
  1129 | D        | Noticed a polar bear
  1129 | D        | Noticed a cane toad
  1129 | D        | Noticed a six-headed hydra
  1130 | D        | Noticed an oklob plant
  1131 | D        | Killed a polar bear
  1132 | D        | Noticed a cane toad
  1134 | D        | Reached skill level 15 in Stealth
  1136 | D        | Killed a cane toad
  1137 | D        | Noticed an elephant
  1141 | D        | Slain by a six-headed hydra

Illustrated notes

Levels and vault maps discovered:
D:        linesprint [early_d, line_temple, items_1, d_10, items_2, lair_1,
          lair_end, items_3, orc_1, orc_end, items_4, d_15, swamp_1, shoals_1,
          snake_1, spider_1, d_20, vaults_1, items_5, swamp_end, shoals_end,
          snake_end, spider_end, vaults_end, d_27, items_6, zot_1, zot_end,
          crypt_end, forest_end, elf_end, slime_end, tomb_end, abyss_end,
          pan_hell_end]

Skill      XL: |  1  2  3  4  5  6  7  8  9 |
---------------+----------------------------+-----
Stealth        | 2 4 7 8 9 12 14 15 | 15.4
Invocations    | 1 3 4 5 6 8 10 11 | 11.1
Dodging        | 6 7 8 9 13 14 | 14.7
Fighting       | 4 5 6 7 9 10 11 | 11.5
Unarmed Combat | 5 6 7 9 11 | 11.8

Action                     |  1- 3 |  4- 6 |  7- 9 || total
---------------------------+-------+-------+-------++-------
  Melee: Unarmed           |    19 |    16 |    93 ||   128
         Bite              |       |     2 |    14 ||    16
         Punch             |       |     2 |     8 ||    10
 Invoke: Line Pass         |       |       |     8 ||     8
         Stomp             |       |       |     1 ||     1
    Use: Potion            |     1 |     2 |     7 ||    10
   Stab: Sleeping          |       |     2 |     1 ||     3
         Invisible         |       |     3 |     1 ||     4
         Paralysed         |       |     2 |     3 ||     5
         Confused          |       |       |     3 ||     3
         Distracted        |       |       |     1 ||     1
 Armour: Skin              |     1 |       |     5 ||     6
  Dodge: Dodged            |    11 |     2 |    64 ||    77
